 Dungeon Crawl Stone Soup version 0.32-a0-814-g0968bab981 (webtiles) character file.

Game seed: 3079232181899206788

49 senseless the Shooter (level 3, -2/21 HPs)
             Began as a Deep Elf Hunter on Mar 22, 2024.
             Killed by nerve-wracking pain
             ... invoked by Grinder
              (11 damage)
             ... on level 3 of the Dungeon.
             The game lasted 00:03:27 (1661 turns).

senseless the Shooter (Deep Elf Hunter)             Turns: 1661, Time: 00:03:27

Health: -2/21      AC:  3    Str:  8    XL:     3   Next: 53%
Magic:  5/5        EV: 12    Int: 13    God:
Gold:   131        SH:  0    Dex: 20    Spells: 2/2 levels left

rFire   . . .        b - +2 spear (venom)
rCold   . . .        (no shield)
rNeg    . . .        c - +0 leather armour
rPois   .            (no helmet)
rElec   .            (no cloak)
rCorr   .            (no gloves)
SInv    +            (no boots)
Will    .....        (no amulet)
Stlth   ++           s - ring of see invisible
HPRegen 0.23/turn    (no ring)
MPRegen 0.09/turn

%: no passive effects
@: no status effects
A: no striking features
a: no special abilities


You were on level 3 of the Dungeon.
You visited 1 branch of the dungeon, and saw 3 of its levels.

You collected 131 gold pieces.

Inventory:

Hand Weapons
 a - a +0 shortbow
 b - a +2 spear of venom (weapon)
Armour
 c - a +0 leather armour (worn)
Jewellery
 s - a ring of see invisible (left hand)
Talismans
 o - a serpent talisman
Wands
 q - a wand of digging (9)
Scrolls
 g - a scroll of poison {unknown}
 i - a scroll of butterflies
 j - a scroll of enchant weapon {unknown}
 m - a scroll of identify {unknown}
 r - a scroll of enchant armour {unknown}
Potions
 d - 2 potions of attraction {unknown}
 e - 3 potions of curing {unknown}
 f - a potion of enlightenment {unknown}
 h - 2 potions of might {unknown}
 k - a potion of brilliance {unknown}
 l - a potion of resistance {unknown}
 n - a potion of cancellation {unknown}
 p - a potion of lignification {unknown}


   Skills:
 + Level 2.1 Fighting
 + Level 5.7 Ranged Weapons
 + Level 3.2 Dodging
 + Level 2.4 Stealth


You had 2 spell levels left.
You didn't know any spells.
Your spell library contained the following spells:

 Spells                   Type           Power      Damage    Failure   Level
 Magic Dart               Conj           0%         1d3       41%         1
 Summon Small Mammal      Summ           0%         N/A       41%         1
 Blink                    Tloc           0%         N/A       56%         2
 Call Imp                 Summ           0%         N/A       56%         2
 Call Canine Familiar     Summ           0%         N/A       80%         3
 Summon Blazeheart Golem  Fire/Summ      0%         N/A       99%         4


Dungeon Overview and Level Annotations

Branches:
Dungeon (3/15)

Altars:
The Shining One

Annotations:
D:3 Grinder


Message History

No target in view!
Grinder comes into view.
You shoot an arrow. The arrow hits Grinder.
Grinder is lightly wounded.
You shoot an arrow. The arrow hits Grinder!
Grinder is moderately wounded.
You shoot an arrow. The arrow hits Grinder.
Grinder is moderately wounded.
Grinder gestures at you. Pain shoots through your body!
Ouch! That really hurt!
You are too injured to fight recklessly!
Fire: a) +0 shortbow
Press: ? - help, Q - select action Shift-Dir - straight line, f/p - Grinder
Aim: Grinder (moderately wounded, 62% to hit)
You shoot an arrow. The arrow hits Grinder!
Grinder is heavily wounded.
Fire: a) +0 shortbow
Press: ? - help, Q - select action Shift-Dir - straight line, f/p - Grinder
Aim: Grinder (heavily wounded, 62% to hit)
You shoot an arrow. The arrow hits Grinder!
Grinder is severely wounded.
Grinder gestures at you.
You suddenly lose the ability to move!
Grinder gestures at you. Pain shoots through your body!
You can move again.
Fire: a) +0 shortbow
Press: ? - help, Q - select action Shift-Dir - straight line, f/p - Grinder
Aim: Grinder (severely wounded, 62% to hit)
You shoot an arrow. The arrow hits Grinder.
Grinder is almost dead.
Your +2 spear of venom begins to drip with poison!
b - a +2 spear of venom (weapon)
You swing at nothing.
Grinder gestures at you. Pain shoots through your body!
Ouch! That really hurt!
You die...
Grinder says, "Now the real fun starts!"

##.##...##..................
...##.########........#####
...##.# #........# ......#
#........# ##.######
#>.......########### ##......#
#..............)....
#.......########################.
#..............<............# #.
#...............@##########.# #.
...####..........# #.# #. .#.#
.........5# #.# #. ##.#
........)# #.# #. ...# ........#
#.# #. #### ........# #.####.
........# #...... ........#
#######


You could see Grinder.

Vanquished Creatures
  A ribbon worm (D:3)
  A dart slug (D:1)
  4 orcs (D:3)
  3 ball pythons
  4 endoplasms
  3 giant cockroaches
  4 goblins
  4 kobolds
  3 quokkas (D:1)
  5 bats
  A frilled lizard (D:3)
  A rat (D:1)
34 creatures vanquished.

Notes
Turn   | Place    | Note
-------+----------+-------------------------------------------
     0 | D:1      | senseless the Deep Elf Hunter began the quest for the Orb.
     0 | D:1      | Reached XP level 1. HP: 12/12 MP: 3/3
   111 | D:1      | Reached XP level 2. HP: 17/17 MP: 4/4
   228 | D:1      | You fall into a shaft and drop 1 floor!
   880 | D:2      | Reached XP level 3. HP: 21/21 MP: 5/5
  1304 | D:3      | Found a glowing golden altar of the Shining One.
  1652 | D:3      | Noticed Grinder
  1657 | D:3      | Paralysed by Grinder for 2 turns
  1661 | D:3      | Killed from afar by Grinder

Illustrated notes

Levels and vault maps discovered:
D:1:      nzn_arrival_crosshair, layout_basic
D:2:      layout_loops_corners
D:3:      layout_basic, pf_just_have_faith, uniq_grinder

Skill      XL: |  1  2 |
---------------+-------+-----
Stealth        | 2 |  2.4
Fighting       | 2 |  2.1
Dodging        | 3 |  3.2
Ranged Weapons | |  5.7

Action                     || total
---------------------------++-------
   Fire: Shortbow          ||    91
 Armour: Leather armour    ||    11
  Dodge: Dodged            ||     3

Table legend: (Time is in decaauts)
 A = Elapsed time spent in this place.
 B = Non-inter-level travel time spent in this place.
 C = Inter-level travel time spent in this place.
 D = Time resting spent in this place.
 E = Time spent auto-exploring this place.
 F = Levels seen in this place.
 G = Mean time per level.
                   A        B        C        D        E       F      G
               +--------+--------+--------+--------+--------+-----+--------+
         Total |   1676 |   1644 |     32 |      0 |   1434 |   3 |  558.7 |
       Dungeon |   1676 |   1644 |     32 |      0 |   1434 |   3 |  558.7 |
               +--------+--------+--------+--------+--------+-----+--------+

Top non-repeatable levels by time:
     D:2: 924 daAuts
     D:3: 516 daAuts
     D:1: 234 daAuts
